 Dungeon Crawl Stone Soup version 0.32-a0-886-g41c5271027 (webtiles) character file.

Game seed: 12915140179125479797

33 pokeman the Magician (level 3, -7/20 HPs)
             Began as a Deep Elf Hedge Wizard on Apr 2, 2024.
             Mangled by Crazy Yiuf
             ... wielding a +2 quarterstaff of chaos
              (19 damage)
             ... on level 3 of the Dungeon.
             The game lasted 00:02:16 (2194 turns).

pokeman the Magician (Deep Elf Hedge Wizard)        Turns: 2194, Time: 00:02:19

Health: -7/20      AC:  3    Str:  7    XL:     3   Next: 12%
Magic:  8/11       EV: 16    Int: 20    God:
Gold:   85         SH:  0    Dex: 14    Spells: 4/12 levels left

rFire   . . .        n - +1 mace (drain)
rCold   . . .        (no shield)
rNeg    . . .        b - +0 robe
rPois   .            c - +0 hat
rElec   .            (no cloak)
rCorr   .            g - +0 pair of gloves
SInv    .            (no boots)
Will    .....        (no amulet)
Stlth   ++           i - +5 ring of evasion
HPRegen 0.23/turn    (no ring)
MPRegen 0.12/turn

%: no passive effects
@: fragile (+50% incoming damage)
A: no striking features
a: no special abilities


You were on level 3 of the Dungeon.
You visited 1 branch of the dungeon, and saw 3 of its levels.

You collected 85 gold pieces.

Inventory:

Hand Weapons
 n - a +1 mace of draining (weapon)
Armour
 b - a +0 robe (worn)
 c - a +0 hat (worn)
 g - a +0 pair of gloves (worn)
Jewellery
 a - a ring of ice
 i - a +5 ring of evasion (left hand)
 k - an amulet of faith
Scrolls
 f - 2 scrolls of identify {unknown}
 h - 2 scrolls of immolation {unknown}
 l - a scroll of teleportation {unknown}
 m - a scroll of blinking {unknown}
Potions
 d - a potion of magic
 e - 2 potions of attraction {unknown}
 j - a potion of mutation {unknown}


   Skills:
 + Level 0.8 Fighting
 + Level 0.8 Armour
 - Level 2.4 Dodging
 - Level 2.4 Stealth
 * Level 5.1 Spellcasting
 + Level 1.7 Conjurations
 - Level 1.1 Summonings
 - Level 1.1 Translocations


You had 4 spell levels left.
You knew the following spells:

 Your Spells              Type           Power      Damage    Failure   Level
a - Magic Dart            Conj           48%        1d5       5%          1
b - Mephitic Cloud        Conj/Alch/Air  7%         N/A       26%         3
c - Call Imp              Summ           18%        N/A       11%         2
d - Blink                 Tloc           18%        N/A       11%         2

Your spell library contained the following spells:

 Spells                   Type           Power      Damage    Failure   Level
 Slow                     Hex            20%        N/A       12%         1
 Cigotuvi's Dreadful Rot  Necr/Alch/Air  10%        N/A       17%         2


Dungeon Overview and Level Annotations

Branches:
Dungeon (3/15)

Altars:

Annotations:
D:3 Crazy Yiuf


Message History

There is a stone staircase leading up here.
Found a hammer.
Found a runed translucent door.
Crazy Yiuf shouts!
You open the door.
Crazy Yiuf cries, "Defame!
Adder blue verde."
Casting: Magic Dart (safe; 5% risk of failure)
Confirm with . or Enter, or press ? or * to list all spells.
Aiming: Mephitic Cloud (extremely dangerous; 26% risk of failure)
Press: ? - help, Shift-Dir - straight line, f - Crazy Yiuf
Aim: Crazy Yiuf, wielding a +2 quarterstaff of chaos and wearing a +0 cloak (chance to affect: 86%)
The ball explodes into a vile cloud!
The stinking cloud engulfs Crazy Yiuf.
Crazy Yiuf is engulfed in noxious fumes.
Unknown command.
Unknown command.
You barely miss Crazy Yiuf.
Crazy Yiuf is engulfed in noxious fumes.
Crazy Yiuf appears confused.
Crazy Yiuf counts something out on his fingers.
Crazy Yiuf hits you with a +2 quarterstaff of chaos!
Your body becomes as fragile as glass!
Unknown command.
You hit Crazy Yiuf.
Crazy Yiuf is lightly wounded.
Crazy Yiuf is engulfed in noxious fumes.
Crazy Yiuf appears confused.
Crazy Yiuf says, "Have you seen my glasses?"
Unknown command.
You hit Crazy Yiuf.
Crazy Yiuf is moderately wounded.
Crazy Yiuf is engulfed in noxious fumes.
Crazy Yiuf appears confused.
Crazy Yiuf completely misses you.
Crazy Yiuf is engulfed in noxious fumes.
Crazy Yiuf appears confused.
Crazy Yiuf closely misses you.
You barely miss Crazy Yiuf.
Crazy Yiuf is moderately wounded.
Crazy Yiuf is engulfed in noxious fumes.
Crazy Yiuf appears confused.
Crazy Yiuf hits you with a +2 quarterstaff of chaos!
Ouch! That really hurt!
You die...

##### #)..# # #§..#
##### °§. ....# #g#
###.# ♣@♣♣ # #.#
♣♣.♣ #.# ♣.♣♣ #.#
♣♣.♣ ###.# ♣♣.♣♣
#...# ♣♣...♣ #.###
♣....♣ ..# #....#
..#############....#


You could see Crazy Yiuf (confused).

Vanquished Creatures
  3 endoplasms
  2 goblins (D:2)
  6 hobgoblins
  4 jackals (D:1)
  2 quokkas (D:1)
  3 ball pythons
  3 bats
  3 kobolds (D:1)
  2 rats
28 creatures vanquished.

Notes
Turn   | Place    | Note
-------+----------+-------------------------------------------
     0 | D:1      | pokeman the Deep Elf Hedge Wizard began the quest for the
                  | Orb.
     0 | D:1      | Reached XP level 1. HP: 10/10 MP: 7/7
   279 | D:1      | Found a faded altar of an unknown god.
   307 | D:1      | Reached XP level 2. HP: 13/16 MP: 1/9
   523 | D:1      | You fall into a shaft and drop 1 floor!
   963 | D:1      | Reached skill level 5 in Spellcasting
  1705 | D:2      | Reached XP level 3. HP: 20/20 MP: 5/11
  1714 | D:2      | Learned a level 3 spell: Mephitic Cloud
  1717 | D:2      | Learned a level 2 spell: Call Imp
  1720 | D:2      | Learned a level 2 spell: Blink
  2185 | D:3      | Found a runed translucent door.
  2186 | D:3      | Noticed Crazy Yiuf
  2194 | D:3      | Mangled by Crazy Yiuf

Illustrated notes

Levels and vault maps discovered:
D:1:      minmay_arrival_four_circles, layout_loops_ring, basic_ecumenical_altar
D:2:      layout_basic
D:3:      layout_loops_corners, nicolae_uskayaw_dance_hall,
          uniq_crazy_yiuf_cottage, uniq_ijyb

Skill      XL: |  1  2 |
---------------+-------+-----
Spellcasting   | 5 |  5.1
Fighting       | |  0.8
Armour         | |  0.8
Dodging        | |  2.4
Stealth        | |  2.4
Conjurations   | |  1.7
Summonings     | |  1.1
Translocations | |  1.1

Action                     || total
---------------------------++-------
  Melee: Dagger            ||    31
         Mace              ||     4
   Cast: Magic Dart        ||    76
         Mephitic Cloud    ||     1
 Armour: Robe              ||    23
  Dodge: Dodged            ||    25

Table legend: (Time is in decaauts)
 A = Elapsed time spent in this place.
 B = Non-inter-level travel time spent in this place.
 C = Inter-level travel time spent in this place.
 D = Time resting spent in this place.
 E = Time spent auto-exploring this place.
 F = Levels seen in this place.
 G = Mean time per level.
                   A        B        C        D        E       F      G
               +--------+--------+--------+--------+--------+-----+--------+
         Total |   2193 |   2094 |     99 |      0 |   1890 |   3 |  731.0 |
       Dungeon |   2193 |   2094 |     99 |      0 |   1890 |   3 |  731.0 |
               +--------+--------+--------+--------+--------+-----+--------+

Top non-repeatable levels by time:
     D:1: 1088 daAuts
     D:2: 1029 daAuts
     D:3: 76 daAuts
